 Dungeon Crawl Stone Soup version 0.20-a0-513-g02c11fc (webtiles) character file.

364652 AlphabetPasta the Sorcerer (level 21, -10/126 HPs)
             Began as a Deep Elf Monk on Jan 19, 2017.
             Was the Champion of Ashenzari.
             Mangled by a halberd of protection (18 damage)
             ... on level 2 of the Elven Halls on Jan 22, 2017.
             The game lasted 08:10:13 (62038 turns).

AlphabetPasta the Sorcerer (Deep Elf Monk)         Turns: 62038, Time: 08:10:15

Health: -10/126    AC: 12    Str:  8    XL:     21   Next: 56%
Magic:  31/50      EV: 31    Int: 21    God:    Ashenzari [******]
Gold:   3172       SH: 11    Dex: 25    Spells: 14/66 levels left

rFire    + . .     SeeInvis +   a - +6 dagger (elec) (curse)
rCold    . . .     Gourm    .   n - +2 robe {MR+} (curse)
rNeg     . . .     Faith    .   L - +0 buckler (curse)
rPois    .         Spirit   .   d - +2 helmet
rElec    .         Reflect  +   k - +2 cloak {+Inv} (curse)
rCorr    .         Harm     .   K - +0 pair of fencer's gloves {+Riposte Dex+3} (curse)
MR       +++..     Clarity  +   J - +0 pair of boots (curse)
Stlth    ++++......             u - +4 amulet of reflection (curse)
Regen    0.4/turn               H - ring of protection from fire (curse)
                                O - +3 ring of slaying (curse)

@: contaminated, glowing, deflect missiles, invisible (but backlit and visible)
A: no striking features
}: 2/15 runes: barnacled, gossamer
a: Curse Item, Scrying, Transfer Knowledge, Renounce Religion, Turn Visible


You were on level 2 of the Elven Halls.
You worshipped Ashenzari.
Ashenzari was exalted by your worship.
You were not hungry.

You visited 8 branches of the dungeon, and saw 38 of its levels.
You also visited: Ossuary, Bailey, Ice Cave and Volcano.

You collected 4635 gold pieces.
You spent 1463 gold pieces at shops.

Inventory:

Hand Weapons
 a - a cursed +6 dagger of electrocution (weapon)
Missiles
 j - 19 javelins of penetration
 G - 32 tomahawks of returning
 S - 9 throwing nets (quivered)
Armour
 d - a +2 helmet (worn)
 k - a cursed +2 cloak of invisibility (worn)
 n - a cursed +2 robe of magic resistance (worn)
 J - a cursed +0 pair of boots (worn)
 K - the cursed +0 pair of fencer's gloves (worn) {+Riposte Dex+3}
   (You found it in a bailey)

   It affects your dexterity (+3).
   It has a curse placed upon it.
 L - a cursed +0 buckler (worn)
Jewellery
 u - a cursed +4 amulet of reflection (around neck)
 H - a cursed ring of protection from fire (right hand)
 O - a cursed +3 ring of slaying (left hand)
Wands
 b - a wand of scattershot (4/9)
 f - a wand of iceblast (7/15)
 x - a wand of lightning (6/15)
 z - a wand of confusion (27/48)
 D - a wand of acid (7/15)
 E - a wand of disintegration (16/24)
 I - a wand of clouds (5/9)
 U - a wand of paralysis (7/24)
 X - a wand of clouds (1/9)
 Z - a wand of paralysis (4/24)
Scrolls
 h - 8 scrolls of enchant armour
 r - 5 scrolls of recharging
 s - 9 scrolls of remove curse
 t - 6 scrolls of teleportation
 w - 2 scrolls of silence
 y - 6 scrolls of magic mapping
 B - 2 scrolls of fear
 N - 9 scrolls of fog
 V - 14 scrolls of identify
 W - a scroll of blinking
Potions
 e - 3 potions of brilliance
 i - 4 potions of curing
 m - 3 potions of magic
 v - 8 potions of ambrosia
 C - 4 potions of flight
 F - 2 potions of agility
 M - 4 potions of resistance
 P - 3 potions of haste
 R - a potion of invisibility
 Y - a potion of cancellation
Miscellaneous
 A - a phial of floods
 Q - a sack of spiders
 T - a phantom mirror
Comestibles
 c - 28 bread rations
 g - 8 royal jellies
 o - 15 meat rations


   Skills:
 + Level 11.7 Fighting
 + Level 13.2(17.3) Short Blades
 - Level 6.4 Throwing
 + Level 15.8(18.3) Dodging
 + Level 18.4(20.7) Stealth
 - Level 4.0(6.8) Shields
 - Level 23.0 Spellcasting
 + Level 10.7(14.9) Conjurations
 + Level 17.7(21.4) Hexes
 + Level 13.7(17.8) Charms
 + Level 2.1(5.5) Summonings
 * Level 10.7(14.9) Translocations
 + Level 10.8(15.0) Ice Magic
 - Level 5.3(9.8) Air Magic
 - Level 10.0(14.3) Evocations


You had 14 spell levels left.
You knew the following spells:

 Your Spells              Type           Power        Failure   Level  Hunger
a - Magic Dart            Conj           ####         0%          1    None
b - Ozocubu's Armour      Chrm/Ice       #######.     0%          3    None
c - Cause Fear            Hex            #######...   0%          4    None
d - Dazzling Spray        Conj/Hex       ######       0%          3    None
e - Deflect Missiles      Chrm/Air       ######....   1%          6    ###....
f - Discord               Hex            #######...   2%          8    ######.
g - Controlled Blink      Tloc           N/A          28%         8    ######.
h - Iskenderun's Battles  Conj/Chrm      #######.     1%          5    None
i - Shroud of Golubria    Chrm/Tloc      #######...   0%          2    None
j - Blink                 Tloc           N/A          0%          2    None
k - Ensorcelled Hibernat  Hex/Ice        ######       0%          2    None
l - Aura of Abjuration    Summ           #####.....   6%          5    None
m - Regeneration          Chrm/Necr      ######....   1%          3    None


Dungeon Overview and Level Annotations

Branches:
Dungeon (15/15)            Temple (1/1) D:6            Lair (6/6) D:10
 Shoals (4/4) Lair:4       Spider (4/4) Lair:4        Slime (0/5) Lair:6
    Orc (2/2) D:11            Elf (2/3) Orc:2        Vaults (4/5) D:13
  Crypt (0/3) Vaults:3     Depths (0/5) D:15

Altars:
Ashenzari
Cheibriados
Dithmenos
Elyvilon
Fedhas
Gozag
Hepliaklqana
Kikubaaqudgha
Makhleb
Nemelex Xobeh
Okawaru
Qazlal
Ru
Sif Muna
Trog
Uskayaw
Vehumet
Xom
Yredelemnul
Zin
The Shining One
Beogh
Jiyva

Shops:
D:6 *[   D:11 !   Orc:2 (*![   Shoals:3 *   Vaults:3 !   Vaults:4 !

Annotations:
D:3 Asddderdsw's ghost, amateur DrCj
Lair:3 exclusion: 2 oklob plants
Shoals:4 Geoffrax's ghost, adept DgSk


Message History

You are contaminated with residual magic.
You feel quite a bit more hungry.
The halberd of protection hits you from afar!
You block the deep elf blademaster's attack. x2
Unknown command.
You hit the deep elf blademaster.
The deep elf blademaster is moderately wounded.
You puncture the deep elf blademaster!
There is a sudden explosion of sparks!
The deep elf blademaster is severely wounded.
The deep elf blademaster hits you with a rapier!
You block the deep elf blademaster's attack.
You block the halberd of protection's attack.
You completely miss the deep elf blademaster.
The deep elf blademaster is severely wounded.
The deep elf blademaster hits you with a rapier!!
* * * LOW HITPOINT WARNING * * *
The deep elf blademaster hits you with a rapier!!
* * * LOW HITPOINT WARNING * * *
The halberd of protection hits you from afar!!
You die...

* ,, ##.........## ##...# *
..###...........## ..##
*...#.............#. .## *
.................... **
....................., *
,,.....................
**,.....................,**
.......e.(...........**
**.......@............ **
**,..................., ,**
, ...................,,,, *
.................., ,,**
**................. ,
**...##...........**,,,
,..# ###.......#* * ,, *,
.# ##.....## ** , * ,,,* *
, ,,, * * , ,*


You could see a deep elf blademaster and a halberd of protection.

Vanquished Creatures
  Arachne (Spider:2)
  Rupert (Lair:4)
  A tentacled monstrosity (Vaults:4)
  2 sphinxes
  Polyphemus (Shoals:3)
  Kirke (Elf:1)
  Ilsuiw (Shoals:4)
  The ghost of Geoffrax the Severer, a journeyman DgWn (Lair:4)
  7 ghost moths
  2 fire giants
  Aizul (Spider:2)
  8 vault wardens
  A deep elf sorcerer (Elf:2)
  5 emperor scorpions
  Louise (Shoals:1)
  2 frost giants
  2 orc warlords
  5 stone giants
  11 ironheart preservers
  A vampire knight (Vaults:3)
  A reaper (IceCv)
  11 entropy weavers
  2 deep elf demonologists
  A deep elf annihilator (Vaults:1)
  5 dire elephants (Lair:6)
  An ettin (Elf:1)
  7 merfolk impalers
  2 deep elf death magi
  5 merfolk javelineers
  2 crystal guardians
  A deep elf high priest (Elf:2)
  The ghost of Svalin the Severer, a journeyman MiBe of Trog (D:10)
  Josephine (D:11)
  2 ice dragons
  A rakshasa (Vaults:1)
  Harold (D:11)
  2 great orbs of eyes
  12 yaktaur captains
  4 vault guards
  9 hydras
  2 deep troll earth magi
  5 merfolk avatars
  A death knight (D:13)
  10 ogre magi
  An anaconda (Lair:6)
  3 catoblepae
  4 merfolk aquamancers
  11 centaur warriors
  A queen ant (Spider:2)
  27 two-headed ogres
  2 alligator snapping turtles (Shoals:4)
  5 orc high priests
  18 dancing weapons
  8 death yaks
  A tengu warrior (D:15)
  12 deep elf knights
  The ghost of AlphabetPasta the Bolt Thrower, a novice NaHu of Cheibriados (D:6)
  9 hell knights
  The ghost of bombasticus the Cudgeler, a novice MiBe of Trog (Bailey)
  Sonja (D:13)
  6 unseen horrors
  A glowing orange brain (Vaults:4)
  13 deep trolls
  8 sea snakes
  A lindwurm (Lair:3)
  A harpy (shapeshifter) (Vaults:4)
  6 deep elf archers
  3 necromancers
  22 orc knights
  13 wizards
  38 deep elf magi
  21 ironbrand convokers
  An oklob plant (Lair:4)
  25 orb spiders
  11 harpies
  11 manticores
  27 ugly things
  15 fauns
  A stone giant zombie (Vaults:2)
  7 orc sorcerers
  A moth of wrath (Spider:4)
  38 wolf spiders
  2 ice statues (IceCv)
  A stone giant skeleton (Vaults:2)
  26 elephants
  12 cyclopes
  A black mamba (shapeshifter) (Vaults:3)
  7 merfolk sirens
  4 black mambas
  3 water nymphs
  9 vault sentinels
  5 gargoyles
  A guardian serpent (shapeshifter) (Vaults:4)
  A centaur skeleton (D:10)
  2 torpor snails
  A kobold demonologist (D:13)
  2 efreet
  19 demonic crawlers
  9 spiny frogs
  45 yaktaurs
  9 komodo dragons
  A rime drake (Lair:6)
  5 freezing wraiths
  8 ice devils (IceCv)
  39 jumping spiders
  3 meliai (D:14)
  A jumping spider (shapeshifter) (Vaults:1)
  8 hornets
  2 polar bears (shapeshifter)
  17 merfolk
  9 trolls
  8 blink frogs
  3 wind drakes
  15 slime creatures
  A polar bear (Lair:4)
  A tengu simulacrum (Vaults:2)
  9 dream sheep
  6 snapping turtles
  A slime creature (shapeshifter) (D:15)
  14 hippogriffs
  31 tarantellas
  3 wraiths (D:11)
  5 air elementals
  97 redbacks
  A spriggan (D:8)
  54 yaks
  4 vampires
  A tarantella (shapeshifter) (Vaults:4)
  5 wyverns
  A yak (shapeshifter) (Vaults:4)
  6 fire bats (Volcano)
  12 water elementals
  A hog (Elf:1)
  2 human simulacra
  2 basilisks
  A golden eye (shapeshifter) (Vaults:2)
  9 vampire mosquitoes
  20 wargs
  4 acid dragons
  4 hungry ghosts
  Menkaure (D:7)
  A swamp worm (shapeshifter) (Vaults:2)
  4 soldier ants (Spider:2)
  A soldier ant (shapeshifter) (Vaults:3)
  12 water moccasins
  7 porcupines
  Duvessa (D:5)
  53 orc warriors
  An ice beast (shapeshifter) (Vaults:3)
  3 sky beasts
  2 hornet zombies
  2 black bears
  3 ice beasts
  7 boggarts (Vaults:3)
  2 phantoms
  31 ogres
  2 eyes of draining
  3 necrophages
  14 centaurs
  10 crocodiles
  An orc skeleton (Vaults:2)
  2 big kobolds
  Blork the orc (D:4)
  27 bullfrogs
  A bullfrog (shapeshifter) (Vaults:3)
  Dowan (D:5)
  2 earth elementals
  A water moccasin zombie (Ossuary)
  5 scorpions
  7 killer bees
  4 electric eels
  16 wights
  3 howler monkeys
  7 crimson imps
  5 bullfrog zombies
  3 lava snakes (Volcano)
  4 quasits
  2 centaur zombies
  Crazy Yiuf (D:3)
  7 hounds
  23 orc priests
  4 iguanas
  14 mummies (Ossuary)
  29 orc wizards
  15 worker ants
  A killer bee zombie (Ossuary)
  2 hound zombies (Ossuary)
  2 hound skeletons (D:6)
  5 worker ant zombies
  A howler monkey skeleton (D:11)
  A howler monkey zombie (Ossuary)
  16 adders
  18 white imps
  7 ufetubi (IceCv)
  2 oozes
  4 worms
  3 adder zombies (Ossuary)
  2 dart slugs
  5 leopard geckos
  95 orcs
  15 bats
  7 giant cockroaches
  15 goblins
  6 hobgoblins
  2 jackals (D:7)
  28 kobolds
  2 ball pythons (D:3)
  5 frilled lizards
  A giant cockroach zombie (Ossuary)
  2 jackal zombies
  2 leopard gecko zombies (Ossuary)
  A quokka skeleton (D:4)
  7 rats
  3 fungi
  2 plants
1699 creatures vanquished.

Vanquished Creatures (collateral kills)
  A vault warden (Vaults:4)
  4 ironheart preservers
  3 vault guards (Vaults:4)
  2 two-headed ogres (Vaults:3)
  2 dancing weapons (Elf:2)
  A deep troll earth mage (Vaults:3)
  A wizard (Vaults:3)
  A deep troll (Vaults:3)
  A deep elf archer (Vaults:3)
  5 deep elf magi
  A yaktaur (Vaults:4)
  An ogre (Vaults:3)
23 creatures vanquished.

Vanquished Creatures (others)
  A sphinx (Vaults:4)
  2 ironheart preservers
  A vault guard (Vaults:3)
  A deep elf knight (Elf:2)
  A centaur warrior (Vaults:1)
  2 hell knights (Vaults:4)
  An ironbrand convoker (Vaults:3)
  9 deep elf magi
  4 yaktaurs
  A yaktaur (shapeshifter) (Vaults:3)
  2 orc warriors (Vaults:2)
  A boggart (Vaults:3)
  An ogre (Vaults:3)
  6 centaurs
  An orc priest (Vaults:1)
  An orc wizard (Vaults:1)
  4 white imps
  3 ufetubi (IceCv)
  5 orcs
  19 fungi
  10 plants
76 creatures vanquished.

Grand Total: 1798 creatures vanquished

Notes
Turn   | Place    | Note
-------+----------+-------------------------------------------
     0 | D:1      | AlphabetPasta the Deep Elf Monk began the quest for the Orb.
     0 | D:1      | Reached XP level 1. HP: 13/13 MP: 3/3
   375 | D:1      | Reached XP level 2. HP: 17/18 MP: 4/4
   724 | D:1      | Reached skill level 1 in Spellcasting
  1290 | D:2      | Reached XP level 3. HP: 15/22 MP: 6/6
  1981 | D:2      | Reached XP level 4. HP: 21/27 MP: 8/8
  2256 | D:3      | Noticed Asddderdsw's ghost (amateur DrCj)
  3170 | D:3      | Reached skill level 2 in Spellcasting
  3187 | D:3      | Reached XP level 5. HP: 19/32 MP: 10/10
  3349 | D:3      | Found a runed door.
  3362 | D:3      | Noticed Crazy Yiuf
  3366 | D:3      | Killed Crazy Yiuf
  3722 | D:4      | Noticed Blork the orc
  3797 | D:4      | Killed Blork the orc
  3797 | D:4      | Reached skill level 5 in Stealth
  3797 | D:4      | Reached XP level 6. HP: 37/37 MP: 11/11
  4097 | D:4      | Reached skill level 1 in Evocations
  4120 | D:4      | Found a deep blue altar of Sif Muna.
  4251 | D:4      | Reached skill level 5 in Short Blades
  4462 | D:5      | Entered Level 5 of the Dungeon
  4665 | D:5      | Noticed Dowan
  4668 | D:5      | Noticed Duvessa
  4688 | D:5      | Killed Duvessa
  4688 | D:5      | Reached skill level 3 in Spellcasting
  4688 | D:5      | Reached XP level 7. HP: 37/41 MP: 13/13
  4690 | D:5      | Killed Dowan
  4690 | D:5      | Reached skill level 5 in Dodging
  5337 | D:6      | Found a staircase to the Ecumenical Temple.
  5374 | Temple   | Entered the Ecumenical Temple
  5451 | Temple   | Became a worshipper of Ashenzari the Shackled
  5451 | Temple   | Reached * piety under Ashenzari
  5451 | Temple   | Reached ** piety under Ashenzari
  5783 | D:6      | Found Wil Sago's Armour Shop.
  5809 | D:6      | Reached XP level 8. HP: 20/46 MP: 15/15
  5820 | D:6      | Bought a +2 cloak of invisibility for 279 gold pieces
  6055 | D:6      | Reached skill level 4 in Spellcasting
  6406 | D:6      | Found Huleyriz's General Store.
  6517 | D:6      | Noticed AlphabetPasta's ghost (novice NaHu)
  6540 | D:6      | Killed AlphabetPasta's ghost
  6540 | D:6      | Reached skill level 5 in Spellcasting
  6598 | D:6      | Reached XP level 9. HP: 42/52 MP: 18/18
  7524 | D:7      | Found an opulent altar of Gozag.
  7526 | D:7      | Found a shadowy altar of Dithmenos.
  7587 | D:7      | Noticed Menkaure
  7596 | D:7      | Killed Menkaure
  7631 | D:7      | Learned a level 1 spell: Magic Dart
  7664 | D:7      | Found an iron altar of Okawaru.
  7664 | D:7      | Found a glowing silver altar of Zin.
  7836 | D:8      | Noticed a two-headed ogre
  8050 | D:8      | Found a sand-covered staircase.
  8055 | Ossuary  | Entered an ossuary
  8219 | Ossuary  | Reached skill level 6 in Spellcasting
  8401 | D:8      | Found a flagged portal.
  8420 | Bailey   | Entered a bailey
  8513 | Bailey   | Noticed bombasticus's ghost (novice MiBe)
  8528 | Bailey   | Killed bombasticus's ghost
  8528 | Bailey   | Reached skill level 5 in Fighting
  8528 | Bailey   | Reached skill level 10 in Stealth
  8528 | Bailey   | Reached XP level 10. HP: 49/59 MP: 21/21
  8567 | Bailey   | Reached skill level 5 in Evocations
  8714 | Bailey   | Found a burning altar of Makhleb.
  9147 | D:8      | Reached skill level 1 in Throwing
  9391 | D:8      | Reached *** piety under Ashenzari
  9707 | D:9      | Reached skill level 7 in Spellcasting
 10568 | D:10     | Entered Level 10 of the Dungeon
 10622 | D:10     | Noticed a two-headed ogre
 10643 | D:10     | Killed a two-headed ogre
 10643 | D:10     | Reached XP level 11. HP: 55/64 MP: 24/24
 10695 | D:10     | Noticed Svalin's ghost (journeyman MiBe)
 10733 | D:10     | Killed Svalin's ghost
 10812 | D:10     | Found a staircase to the Lair.
 10817 | D:10     | Reached skill level 8 in Spellcasting
 11106 | D:10     | Noticed an unseen horror
 11123 | D:10     | Killed an unseen horror
 11280 | D:10     | Noticed an unseen horror
 11287 | D:10     | Killed an unseen horror
 11414 | D:10     | Reached skill level 10 in Short Blades
 11735 | D:11     | Reached **** piety under Ashenzari
 11737 | D:11     | Noticed a seven-headed hydra
 11750 | D:11     | Killed a seven-headed hydra
 12185 | D:11     | Noticed Harold
 12195 | D:11     | Killed Harold
 12219 | D:11     | Noticed a five-headed hydra
 12249 | D:11     | Killed a five-headed hydra
 12253 | D:11     | Identified the cursed +1 rapier of the Fool {pierce, +Rage +Fly Str+4 Stlth+} (You took it off an orc priest on level 11 of the Dungeon)
 12419 | D:11     | Found a staircase to the Orcish Mines.
 12456 | D:11     | Noticed Josephine
 12491 | D:11     | Killed Josephine
 12491 | D:11     | Reached XP level 12. HP: 28/70 MP: 26/26
 12764 | D:11     | Found Cewoarinia's Distillery.
 12772 | D:11     | Bought a potion of cancellation for 112 gold pieces
 12772 | D:11     | Bought 2 potions of heal wounds for 140 gold pieces
 12772 | D:11     | Bought a potion of haste for 140 gold pieces
 12930 | D:11     | Reached skill level 9 in Spellcasting
 13151 | D:12     | Found a blossoming altar of Fedhas.
 14931 | Lair:1   | Entered Level 1 of the Lair of Beasts
 15035 | Lair:1   | Noticed a six-headed hydra
 15040 | Lair:1   | Killed a six-headed hydra
 15089 | Lair:1   | Reached skill level 10 in Spellcasting
 15668 | Lair:2   | Noticed a five-headed hydra
 15699 | Lair:2   | Killed a five-headed hydra
 15769 | Lair:2   | Reached ***** piety under Ashenzari
 16417 | Lair:3   | Identified 2 scrolls of acquirement
 16582 | Lair:3   | Found a dark tunnel.
 16637 | Volcano  | Entered a volcano
 16724 | Volcano  | Reached XP level 13. HP: 58/76 MP: 29/29
 16752 | Volcano  | Found a bloodstained altar of Trog.
 18031 | Lair:4   | Reached skill level 10 in Dodging
 18172 | Lair:4   | Found a hole to the Spider Nest.
 18234 | Lair:4   | Reached skill level 11 in Spellcasting
 18396 | Lair:4   | Noticed Geoffrax's ghost (journeyman DgWn)
 18404 | Lair:4   | Killed Geoffrax's ghost
 18624 | Lair:4   | Noticed Rupert
 18665 | Lair:4   | Killed Rupert
 18665 | Lair:4   | Reached skill level 5 in Throwing
 18985 | Lair:4   | Reached skill level 12 in Spellcasting
 19064 | Lair:4   | Found a staircase to the Shoals.
 19878 | Lair:5   | Reached skill level 13 in Spellcasting
 19992 | Lair:5   | Found a burning altar of Makhleb.
 20117 | Lair:5   | Found a runed door.
 20186 | Lair:5   | Learned a level 3 spell: Ozocubu's Armour
 20390 | Lair:6   | Entered Level 6 of the Lair of Beasts
 20390 | Lair:6   | Found a frozen archway.
 20396 | Lair:6   | Reached XP level 14. HP: 82/82 MP: 33/33
 20541 | IceCv    | Entered an ice cave
 21559 | IceCv    | Reached skill level 1 in Charms
 21565 | IceCv    | Reached skill level 1 in Ice Magic
 22067 | IceCv    | Noticed a reaper
 22077 | IceCv    | Killed a reaper
 22077 | IceCv    | Reached skill level 14 in Spellcasting
 22613 | Lair:6   | Learned a level 4 spell: Cause Fear
 22630 | Lair:6   | Found a viscous altar of Jiyva.
 22630 | Lair:6   | Found a staircase to the Slime Pits.
 22663 | Lair:6   | Reached skill level 1 in Hexes
 22775 | Lair:6   | Reached ****** piety under Ashenzari
 22930 | Lair:6   | Reached skill level 15 in Spellcasting
 22932 | Lair:6   | Reached skill level 15 in Stealth
 24024 | Lair:6   | Reached skill level 10 in Throwing
 24127 | Lair:6   | Reached skill level 16 in Spellcasting
 24348 | D:7      | Learned a level 3 spell: Dazzling Spray
 24535 | D:11     | Reached XP level 15. HP: 83/88 MP: 37/37
 24549 | Orc:1    | Entered Level 1 of the Orcish Mines
 24889 | Orc:2    | Entered Level 2 of the Orcish Mines
 24889 | Orc:2    | Found Xoyl's Antique Armour Shoppe.
 24889 | Orc:2    | Found Leistyts's Distillery.
 24943 | Orc:2    | Bought a potion of heal wounds for 85 gold pieces
 24943 | Orc:2    | Bought a potion of resistance for 170 gold pieces
 24969 | Orc:2    | Noticed an orc warlord
 25347 | Orc:2    | Found Sesexaowk's General Store.
 25361 | Orc:1    | Reached skill level 10 in Evocations
 25363 | Orc:1    | Reached skill level 5 in Charms
 25825 | Orc:2    | Found a staircase to the Elven Halls.
 26526 | Orc:2    | Reached skill level 5 in Hexes
 26663 | Orc:1    | Reached skill level 1 in Conjurations
 27600 | Orc:2    | Found Ozas's Jewellery Shoppe.
 27624 | Orc:2    | Found Dumy's Antique Weapon Boutique.
 27647 | Orc:2    | Found a roughly hewn altar of Beogh.
 27656 | Orc:2    | Killed an orc warlord
 27656 | Orc:2    | Reached skill level 17 in Spellcasting
 28490 | D:13     | Learned a level 6 spell: Deflect Missiles
 28504 | D:13     | Noticed Sonja
 28508 | D:13     | Killed Sonja
 28539 | D:13     | Found a gate to the Vaults.
 28541 | D:13     | Identified the +3 scale mail of Itaphure {rF+ rN+ Str+2 Int+3}
 29192 | D:13     | Reached skill level 1 in Air Magic
 30678 | D:15     | Entered Level 15 of the Dungeon
 30786 | D:15     | Reached XP level 16. HP: 79/94 MP: 39/39
 30909 | D:15     | Reached skill level 18 in Spellcasting
 31184 | D:15     | Paralysed by a floating eye for 2 turns
 31707 | D:15     | Reached skill level 1 in Shields
 31793 | D:15     | Learned a level 8 spell: Discord
 31940 | D:15     | Found a staircase to the Depths.
 32833 | D:9      | Upgraded the game from 0.20-a0-501-g0de2c2e to 0.20-a0-507-gc86f373
 32984 | Spider:1 | Entered Level 1 of the Spider Nest
 34457 | Spider:2 | Noticed Aizul
 35237 | Spider:2 | Reached skill level 19 in Spellcasting
 36565 | Spider:2 | Killed Aizul
 36565 | Spider:2 | Reached skill level 5 in Ice Magic
 37016 | Spider:3 | Reached skill level 5 in Conjurations
 37216 | Spider:2 | Noticed Arachne
 37230 | Spider:2 | Killed Arachne
 37230 | Spider:2 | Reached XP level 17. HP: 100/100 MP: 40/42
 39200 | Spider:3 | Reached skill level 5 in Air Magic
 39653 | Spider:4 | Entered Level 4 of the Spider Nest
 39725 | Spider:3 | Reached skill level 20 in Spellcasting
 43138 | Spider:4 | Got a gossamer rune of Zot
 43265 | Shoals:1 | Entered Level 1 of the Shoals
 43332 | Lair:4   | Reached skill level 10 in Charms
 43599 | Shoals:1 | Reached skill level 10 in Hexes
 43657 | Shoals:1 | Reached XP level 18. HP: 100/107 MP: 31/44
 43870 | Shoals:1 | Reached skill level 10 in Fighting
 43931 | Shoals:1 | Identified the +1 falchion of Malaise {flame, +Fly Dex+2}
 43972 | Shoals:1 | Noticed Louise
 43974 | Shoals:1 | Killed Louise
 44269 | Shoals:2 | Reached skill level 21 in Spellcasting
 44294 | Shoals:2 | Reduced skill Throwing to level 10
 44690 | Shoals:3 | Noticed Polyphemus
 44693 | Shoals:3 | Killed Polyphemus
 44894 | Shoals:3 | Found Sassadom's General Store.
 45724 | Shoals:4 | Entered Level 4 of the Shoals
 45746 | Shoals:4 | Noticed Geoffrax's ghost (adept DgSk)
 46057 | Shoals:4 | Reached skill level 15 in Hexes
 46062 | Shoals:4 | Got a barnacled rune of Zot
 46113 | Shoals:4 | Noticed Ilsuiw
 46731 | Shoals:4 | Killed Ilsuiw
 46784 | Shoals:4 | Identified Esimn's Collected Works on Entrancing Displacement
 47157 | Vaults:1 | Entered Level 1 of the Vaults
 47442 | Vaults:1 | Reached skill level 22 in Spellcasting
 48266 | Vaults:1 | Reached XP level 19. HP: 103/113 MP: 45/47
 49277 | Vaults:1 | Learned a level 8 spell: Controlled Blink
 50117 | Vaults:2 | Reached skill level 1 in Translocations
 50211 | Vaults:2 | Learned a level 5 spell: Iskenderun's Battlesphere
 50355 | Vaults:2 | Reached skill level 5 in Translocations
 52417 | Vaults:2 | Reached skill level 23 in Spellcasting
 52781 | Vaults:3 | Found a staircase to the Crypt.
 53620 | Vaults:3 | Reached skill level 15 in Dodging
 53620 | Vaults:3 | Reached XP level 20. HP: 120/120 MP: 49/49
 55290 | Vaults:3 | Found Ithu's Distillery.
 55334 | Vaults:3 | Bought a potion of heal wounds for 60 gold pieces
 55334 | Vaults:3 | Bought a potion of curing for 36 gold pieces
 55334 | Vaults:3 | Bought a potion of invisibility for 96 gold pieces
 55334 | Vaults:3 | Bought a potion of haste for 120 gold pieces
 55648 | Vaults:3 | HP: 3/120 [entropy weaver (8)]
 55669 | Vaults:3 | Upgraded the game from 0.20-a0-507-gc86f373 to 0.20-a0-510-g3b403f5
 57058 | Vaults:4 | Learned a level 2 spell: Shroud of Golubria
 57061 | Vaults:4 | Learned a level 2 spell: Blink
 57635 | Vaults:4 | Reached skill level 10 in Ice Magic
 58429 | Vaults:4 | Upgraded the game from 0.20-a0-510-g3b403f5 to 0.20-a0-513-g02c11fc
 58486 | Vaults:4 | Reached skill level 10 in Conjurations
 58853 | Vaults:4 | Reached XP level 21. HP: 125/125 MP: 33/50
 58943 | Vaults:4 | Found Uceycw's Distillery.
 58961 | Vaults:4 | Bought a potion of resistance for 150 gold pieces
 58961 | Vaults:4 | Bought a potion of heal wounds for 75 gold pieces
 59142 | Vaults:4 | Reached skill level 10 in Translocations
 59769 | Elf:1    | Entered Level 1 of the Elven Halls
 60414 | Elf:1    | Identified Bigawen's Compendium of the Entrancing Entourage
 60419 | Elf:1    | Learned a level 2 spell: Ensorcelled Hibernation
 60425 | Elf:1    | Learned a level 5 spell: Aura of Abjuration
 60555 | Elf:1    | Learned a level 3 spell: Regeneration
 60704 | Elf:1    | Noticed Kirke
 60727 | Elf:1    | Killed Kirke
 60843 | Elf:1    | Identified the cursed +0 war axe of the Absolute Madman {speed, rF+} (You took it off a deep elf knight on level 1 of the Elven Halls)
 60865 | Elf:1    | Reached skill level 1 in Summonings
 61268 | Elf:2    | Found a deep blue altar of Sif Muna.
 61630 | Elf:2    | Found a runed gate.
 61631 | Elf:2    | Found a runed gate.
 61632 | Elf:2    | Found a runed gate.
 62038 | Elf:2    | Mangled by a halberd of protection

Vault maps used:
D:1:      lightli_iron_boxes, st_stairs_14, kennysheep_another_room
D:2:      minmay_cut_off
D:3:      grunt_ministairs_2, uniq_crazy_yiuf_cottage
D:4:      led_sif_pool, first_bread, uniq_blork_the_orc
D:5:      uniq_duvessa
D:6:      serial_shops, shop, shop, minmay_misc_feat_more_columns,
          minmay_unpleasant_kobolds
D:7:      nicolae_overflow_hidden_temple, grunt_dithmenos_smoke_and_mirrors,
          amethyst_overflow_temple_binary, hangedman_decor_diamond_cutter,
          uniq_menkaure
D:8:      enter_ossuary_2, enter_bailey_3, the_bakery
D:10:     lair_entry_dummy
D:11:     orc_0_dummy, serial_shops, kennysheep_little_box, uniq_josephine,
          uniq_harold
D:12:     basic_altar
D:13:     david_vaults_2, uniq_sonja
D:14:     roderic_serpentine_path
D:15:     grunt_enter_depths_giant_problem
Temple:   compressed_dpeg_circular_temple
Lair:1:   serial_bayou_shore_b
Lair:2:   serial_bayou_pond_a, grunt_megastairs_5, serial_bayou_shore_a
Lair:3:   nicolae_volcano_entry_vermiform, minmay_holes, roderic_batcave,
          minmay_lair_oklob_chamber, infiniplex_staircase_pool_2
Lair:4:   shoals_dummy_entry, dummy_spider_entry, grunt_megastairs_1,
          uniq_rupert
Lair:5:   basic_altar, pf_torpor_hydra, grunt_megastairs_4
Lair:6:   due_jungle_book, dpeg_slime_entry_enclosed_altar,
          portal_ice_cave_entry_imps
Shoals:1: uniq_louise
Shoals:3: serial_shops, nicolae_shop_behind_doors, uniq_polyphemus
Shoals:4: shoals_end_simple, shoals_ilsuiw_alternative,
          nicolae_shoals_kraken_intersection
Spider:2: nicolae_spider_ant_collections, nicolae_spider_cling_halls,
          uniq_aizul, uniq_arachne
Spider:4: grunt_spider_rune_island
Orc:2:    grunt_orc_gardens, grunt_orc_garden, grunt_orc_garden,
          grunt_orc_garden, grunt_orc_garden, serial_shops, nicolae_shop_stone,
          basic_altar
Elf:1:    evilmike_minifort, grunt_ministairs_11, minmay_misc_feat_five,
          uniq_kirke
Elf:2:    basic_altar, hangedman_elf_represent
Vaults:1: nicolae_vaults_c_with_doors, vaults_dpeg_hooks, v_misc_22,
          vaults_room_semicircle
Vaults:2: v_misc_29, nicolae_vaults_arrows, nicolae_vaults_network_barrier,
          ontoclasm_vaults_spin, grunt_vaults_trifunnel, v_misc_30,
          nicolae_vaults_little_squares_1, nicolae_vaults_an_arrangement,
          vaults_room_hallway
Vaults:3: minmay_crypt_entry_vampire_xt, nicolae_vaults_network_square,
          v_pattern_2, hangedman_vaults_impose, vaults_dpeg_spiral, v_rooms_3,
          v_misc_18, v_misc_23, vaults_room_pools, serial_shops, shop_statue
Vaults:4: v_misc_23, vaults_room_boxed, hangedman_vaults_variations, v_rooms_5,
          nicolae_vaults_asterisk, vaults_mumra_hex, grunt_vaults_hallway_short,
          hangedman_vaults_slice, ontoclasm_vaults_claustrophobia,
          hangedman_vaults_maws, ontoclasm_vaults_decontamination,
          vaults_room_semicircle, serial_shops, shop
Ossuary:  ossuary_zaba_flooded
Bailey:   bailey_axe_3, bailey
IceCv:    ice_cave_small_demon
Volcano:  volcano_grotto

Skill      XL: |  1  2  3  4  5  6  7  8  9 10 11 12 13 14 15 16 17 18 19 20 21 |
---------------+----------------------------------------------------------------+-----
Spellcasting   | 1 2 3 5 6 7 8 10 13 16 17 19 20 22 23 | 23.0
Stealth        | 3 4 5 6 8 10 11 12 14 15 16 17 18 | 18.4
Dodging        | 4 5 6 7 8 9 10 11 12 13 14 15 | 15.8
Short Blades   | 4 5 7 8 9 10 11 12 13 | 13.2
Fighting       | 3 4 5 6 7 8 9 10 11 | 11.7
Evocations     | 1 2 3 4 5 6 8 9 10 | 10.0
Throwing       | 2 3 6 10 11 12 9 6 |  6.4
Charms         | 4 6 8 10 11 12 13 | 13.7
Ice Magic      | 2 3 5 6 8 9 10 | 10.8
Hexes          | 4 6 8 10 15 16 17 | 17.7
Conjurations   | 3 5 7 8 9 10 | 10.7
Air Magic      | 1 4 5 |  5.3
Shields        | 2 4 |  4.0
Translocations | 7 9 10 | 10.7
Summonings     | 2 |  2.1

Action                   |  1- 3 |  4- 6 |  7- 9 | 10-12 | 13-15 | 16-18 | 19-21 || total
-------------------------+-------+-------+-------+-------+-------+-------+-------++-------
Melee: Short sword       |   131 |   138 |       |       |       |       |       ||   269
       Dagger            |       |    63 |   488 |   664 |  1374 |  1469 |  1685 ||  5743
Throw: Javelin           |       |     2 |     4 |       |       |       |       ||     6
       Tomahawk          |       |       |       |    12 |       |    15 |       ||    27
       Throwing net      |       |       |       |       |       |       |     5 ||     5
 Cast: Dazzling Spray    |       |       |       |       |   134 |   393 |    87 ||   614
       Ozocubu's Armour  |       |       |       |       |    11 |    69 |    90 ||   170
       Cause Fear        |       |       |       |       |     1 |     3 |       ||     4
       Magic Dart        |       |       |       |       |       |     5 |    69 ||    74
       Deflect Missiles  |       |       |       |       |       |     4 |     6 ||    10
       Iskenderun's Batt |       |       |       |       |       |       |    14 ||    14
       Discord           |       |       |       |       |       |       |     8 ||     8
       Shroud of Golubri |       |       |       |       |       |       |    38 ||    38
       Blink             |       |       |       |       |       |       |     4 ||     4
       Controlled Blink  |       |       |       |       |       |       |     1 ||     1
Invok: Curse Item        |       |       |     3 |     2 |       |     3 |     1 ||     9
       Scrying           |       |       |       |       |     1 |       |       ||     1
       Transfer Knowledg |       |       |       |       |       |     1 |     1 ||     2
 Abil: Evoke Invisibilit |       |       |     1 |    10 |    21 |    19 |    23 ||    74
       Evoke Berserk Rag |       |       |       |       |       |     1 |       ||     1
Evoke: Wand              |       |       |     5 |     6 |     2 |     8 |     3 ||    24
       Phial of floods   |       |       |       |       |     1 |       |       ||     1
  Use: Scroll            |     6 |     4 |     8 |    20 |     9 |     7 |     9 ||    63
       Potion            |       |       |     1 |     5 |    12 |    22 |    12 ||    52
 Stab: Sleeping          |    11 |    12 |    19 |    37 |    54 |    77 |    57 ||   267
       Distracted        |       |       |     3 |     9 |    12 |    16 |    17 ||    57
       Invisible         |       |       |     2 |    30 |   126 |   164 |   165 ||   487
       Paralysed         |       |       |       |       |     1 |     1 |       ||     2
       Held in net/web   |       |       |       |       |       |       |     3 ||     3
  Eat: Chunk             |     3 |     8 |     7 |    19 |    33 |    40 |    42 ||   152
       Fruit             |       |     1 |     2 |       |     8 |     9 |    13 ||    33
       Royal jelly       |       |       |     1 |     1 |       |     1 |     1 ||     4
       Bread ration      |       |       |     1 |       |       |       |     1 ||     2
       Meat ration       |       |       |       |     1 |     3 |     3 |       ||     7
       Buggy             |       |       |       |     1 |     1 |       |       ||     2
Armor: Robe              |    26 |    40 |    67 |    62 |    94 |   202 |   106 ||   597
Dodge: Dodged            |    79 |   109 |   214 |   362 |   993 |  1656 |  1044 ||  4457
       Deflected         |       |       |       |       |       |    28 |    32 ||    60
Block: Other             |       |       |       |       |       |    45 |       ||    45
       Reflection        |       |       |       |       |       |    46 |    46 ||    92
       Buckler           |       |       |       |       |       |   166 |   654 ||   820
       Rpst.: Dagger     |       |       |       |    95 |   248 |   329 |   232 ||   904
